 Dungeon Crawl Stone Soup version 0.31-a0-851-g7ff8af7976 (webtiles) character file.

Game seed: 14404769494950208201

47 porpoise the Sneak (level 3, -9/16 HPs)
             Began as a Vine Stalker Enchanter on Oct 5, 2023.
             Mangled by Sigmund
             ... wielding a +2 scythe of venom
              (11 damage)
             ... on level 2 of the Dungeon.
             The game lasted 00:05:07 (1302 turns).

porpoise the Sneak (Vine Stalker Enchanter)         Turns: 1302, Time: 00:05:07

Health: -9/16      AC:  2    Str: 10    XL:     3   Next: 70%
Magic:  0/7        EV: 12    Int: 17    God:
Gold:   76         SH:  0    Dex: 14    Spells: 1/6 levels left

rFire   . . .        a - +1 dagger
rCold   . . .        (no shield)
rNeg    . . .        b - +0 robe
rPois   .            (no helmet)
rElec   .            (no cloak)
rCorr   .            (no gloves)
SInv    .            (no boots)
Will    .....        (no amulet)
Stlth   ++           (no ring)
HPRegen 1.02/turn    (no ring)
MPRegen 0.10/turn

%: guardian spirit
@: lethally poisoned (-9 -> -10)
A: fangs 2, regeneration 1, magic shield, antimagic bite, no potion heal 2
a: no special abilities


You were on level 2 of the Dungeon.
You visited 1 branch of the dungeon, and saw 2 of its levels.

You collected 76 gold pieces.

Inventory:

Hand Weapons
 a - a +1 dagger (weapon)
Armour
 b - a +0 robe (worn)
Scrolls
 d - a scroll of identify {unknown}
 e - 2 scrolls of noise {unknown}
 h - a scroll of teleportation {unknown}
Potions
 c - 2 potions of invisibility
 f - a potion of lignification {unknown}
 g - a potion of might {unknown}
 i - a potion of mutation {unknown}


   Skills:
 + Level 1.9 Short Blades
 - Level 1.5 Dodging
 - Level 3.6 Stealth
 - Level 2.4 Spellcasting
 + Level 3.5 Hexes
 + Level 1.3 Ice Magic


You had one spell level left.
You knew the following spells:

 Your Spells              Type           Power      Damage    Failure   Level
a - Confusing Touch       Hex            14%        N/A       13%         3
e - Ensorcelled Hibernat  Hex/Ice        20%        N/A       11%         2

Your spell library contained the following spells:

 Spells                   Type           Power      Damage    Failure   Level
 Tukima's Dance           Hex            14%        N/A       13%         3
 Dazzling Flash           Conj/Hex       16%        N/A       26%         3


Dungeon Overview and Level Annotations

Branches:
Dungeon (2/15)

Altars:

Shops:
D:1 ((

Annotations:
D:2 Sigmund


Innate Abilities, Weirdness & Mutations

You have extremely sharp teeth.
Your natural rate of healing is unusually fast.
When hurt, damage is shared between your health and your magic reserves.
Your bite disrupts and absorbs the magic of your enemies.
Potions cannot restore your health.


Message History

You hit the frilled lizard but do no damage.
You hit the frilled lizard.
You kill the frilled lizard!
Sigmund the Dreaded comes into view.
He is wielding a +2 scythe of venom.
A kobold comes into view. It is wielding a +0 short sword.
A kobold comes into view. It is wielding a +0 short sword.
Sigmund points at you and mumbles some strange words.
The magic dart hits you!
Casting: Ensorcelled Hibernation (safe; 11% risk of failure)
Confirm with . or Enter, or press ? or * to list all spells.
Aiming: Ensorcelled Hibernation (safe; 11% risk of failure)
Press: ? - help, Shift-Dir - straight line, f - Sigmund
Aim: Sigmund, wielding a +2 scythe of venom and wearing a +0 robe (chance to affect: 52%) Sigmund looks drowsy...
The helpless Sigmund fails to defend himself.
You impale Sigmund!! Your bite misses Sigmund.
Sigmund is severely wounded.
Sigmund says, "Don't worry, I'll kill you fast."
Sigmund gestures wildly while chanting.
Sigmund flickers and vanishes!
Deactivating autopickup; reactivate with Ctrl-A.
The kobold hits you but does no damage.
The kobold shouts!
You hit something. Something hits you but does no damage.
You are poisoned.
The kobold closely misses you.
The kobold throws a stone.
The stone misses you.
You barely miss something.
You feel very sick.
The kobold hits you with a +0 short sword.
Something hits you!
Ouch! That really hurt!
* * * LOW HITPOINT WARNING * * *
You barely miss something. Your bite misses something.
You feel sick.
The kobold hits you with a +0 short sword.
* * * LOW HITPOINT WARNING * * *
You closely miss something.
* * * LOW HITPOINT WARNING * * *
You feel sick. Something hits you!
Ouch! That really hurt!
You die...

.# .# .# #♣♣♣♣♣♣♣ ..####
.# #....... .....# .#
#......#######.....#
###.#..................#
....#.......#...........
#####...†...#...........
.....##+#.#.+...........
.....##.#...#...@KK.....
.....##..>#.#....{......
♣.........#.#..........♣
.....####.#.#...(.....♣♣
♣....# #.#.#.........♣
.....####.#+#.........♣
♣####.................♣
# #......♣♣♣P♣>...... ♣
#.....♣♣


You could see 2 kobolds.

Vanquished Creatures
  2 adders (D:2)
  A dart slug (D:2)
  5 endoplasms (D:1)
  4 goblins
  2 jackals (D:1)
  2 kobolds (D:1)
  2 quokkas
  4 bats (D:1)
  4 frilled lizards
26 creatures vanquished.

Notes
Turn   | Place    | Note
-------+----------+-------------------------------------------
     0 | D:1      | porpoise the Vine Stalker Enchanter began the quest for the
                  | Orb.
     0 | D:1      | Reached XP level 1. HP: 9/9 MP: 4/4
    57 | D:1      | Found a faded altar of an unknown god.
    95 | D:1      | Reached skill level 1 in Short Blades
   185 | D:1      | Reached XP level 2. HP: 10/13 MP: 4/6
   191 | D:1      | Learned a level 2 spell: Ensorcelled Hibernation
   250 | D:1      | Found Fameav's Weapon Emporium.
   322 | D:1      | Found Tuxocied's Antique Weapon Shoppe.
  1007 | D:2      | Reached XP level 3. HP: 16/16 MP: 1/7
  1066 | D:2      | Learned a level 3 spell: Confusing Touch
  1075 | D:2      | Reached skill level 1 in Ice Magic
  1289 | D:2      | Noticed Sigmund
  1302 | D:2      | Mangled by Sigmund

Illustrated notes

Levels and vault maps discovered:
D:1:      dpeg_arrival_erosion, layout_basic, serial_shops, shop,
          nicolae_shop_statue_plus, ebering_ecumenical_altar_ruins,
          grunt_decor_fettered
D:2:      layout_basic, serial_forest, infiniplex_forest_end_double,
          infiniplex_forest_straight_2, infiniplex_forest_end_double,
          infiniplex_forest_lined_room_3, infiniplex_forest_pool,
          infiniplex_forest_lined_room_2, infiniplex_forest_clump_diagonal,
          infiniplex_forest_clump_small, infiniplex_forest_end_3,
          infiniplex_forest_straight_5, uniq_terence, uniq_natasha, uniq_sigmund

Skill      XL: |  1  2  3 |
---------------+----------+-----
Short Blades   | 1 |  1.9
Ice Magic      | 1 |  1.3
Dodging        | |  1.5
Stealth        | |  3.6
Spellcasting   | |  2.4
Hexes          | |  3.5

Action                     || total
---------------------------++-------
  Melee: Dagger            ||    63
         Bite              ||    13
   Cast: Ensorcelled Hiber ||     6
   Stab: Sleeping          ||     6
 Armour: Robe              ||    31
  Dodge: Dodged            ||    25

Table legend: (Time is in decaauts)
 A = Elapsed time spent in this place.
 B = Non-inter-level travel time spent in this place.
 C = Inter-level travel time spent in this place.
 D = Time resting spent in this place.
 E = Time spent auto-exploring this place.
 F = Levels seen in this place.
 G = Mean time per level.
                   A        B        C        D        E       F      G
               +--------+--------+--------+--------+--------+-----+--------+
         Total |   1296 |   1281 |     15 |    222 |    778 |   2 |  648.0 |
       Dungeon |   1296 |   1281 |     15 |    222 |    778 |   2 |  648.0 |
               +--------+--------+--------+--------+--------+-----+--------+

Top non-repeatable levels by time:
     D:1: 994 daAuts
     D:2: 302 daAuts
